Map: Overgrown Facility

Players

Mack

  • Race: Terran Terran
  • League: Diamond
  • Spawn Location: 1:00

doOdle

  • Race: Zerg Zerg
  • League: Diamond
  • Spawn Location: 3:00

GENERAL - Winner!

  • Race: Terran Terran
  • Spawn Location: 9:00

Adversity - Winner!

  • Race: Terran Terran
  • Spawn Location: 7:00

VOD

Have the link to the VOD?

Description

Time

  • Played on: July 18, 2018, 1:07 p.m.
  • Length: 8:54
Show
View Real Time Build Order
Export as new Build Order

Mack Terran 

Build Orders: Cyclone Opening 

Get SALT Encoding   

  12  0:01  SCV  
  13  0:13  SCV  
  14  0:18  Supply Depot  
  14  0:25  SCV  
  15  0:30  Refinery  
  15  0:40  SCV  
  16  0:46  Barracks  
  16  0:52  SCV  
  17  1:04  SCV  
  17  1:07  Refinery  
  18  1:16  SCV  
  19  1:28  SCV  
  20  1:34  Barracks Tech Lab  
  20  1:37  Factory  
  20  1:40  SCV  
  21  1:53  Supply Depot  
  21  1:54  Orbital Command  
  21  2:02  Marauder  
  21  2:05  Concussive Shells  
  23  2:21  Cyclone  
  26  2:25  SCV  
  27  2:31  Supply Depot  
  27  2:36  Marauder  
  29  2:40  SCV  
  30  2:52  SCV  
  30  2:57  Marauder  
  33  3:04  SCV  
  34  3:13  Cyclone  
  34  3:16  Supply Depot, SCV  
  38  3:22  Starport  
  38  3:38  Supply Depot, Marauder  
  40  3:47  Cyclone  
  43  4:07  SCV  
  44  4:13  Command Center  
  44  4:21  Cyclone  
  44  4:23  Starport Tech Lab  
  47  4:37  Command Center  
  47  4:46  Marauder  
  48  4:55  Cyclone  
  47  5:16  SCV  
  47  5:26  Cloaking Field, Banshee  
  50  5:28  SCV  
  51  5:40  Factory Tech Lab, SCV  
  51  5:41  Marauder  
  48  5:53  SCV  
  45  6:03  Orbital Command  
  45  6:13  Banshee  
  48  6:24  SCV  
  49  6:31  Siege Tank  
  52  6:34  Marauder  
  52  6:36  SCV x2  
  56  6:52  SCV x2, Orbital Command  
  35  7:36  Marine, Siege Tank  
  32  7:40  SCV x3  
  32  7:42  Refinery, Barracks x2  
  32  7:43  Barracks  
  35  7:44  Refinery  
  35  7:45  Barracks  
  35  7:52  SCV x3  
  38  8:04  SCV x2  
  38  8:05  SCV  
  41  8:11  Factory  
  41  8:14  Starport Reactor  
  41  8:15  Marine  
  41  8:16  SCV  
  43  8:29  Marine x2  
  43  8:30  Marine  
  40  8:35  Marine  
Show
View Real Time Build Order
Export as new Build Order

doOdle Zerg 

Build Orders: Pool First 

Get SALT Encoding   

  12  0:02  Drone  
  13  0:13  Overlord  
  13  0:18  Drone  
  14  0:32  Drone x2  
  14  0:35  Drone  
  17  0:41  Extractor  
  16  0:51  Spawning Pool  
  16  0:53  Drone  
  16  0:56  Drone  
  17  1:26  Drone  
  17  1:27  Hatchery  
  17  1:30  Drone  
  18  1:39  Drone  
  19  1:49  Queen  
  21  1:58  Spine Crawler  
  20  2:03  Metabolic Boost  
  20  2:07  Zergling x2  
  21  2:36  Queen  
  22  2:40  Queen  
  22  2:42  Drone  
  25  2:48  Drone  
  25  2:49  Drone x2  
  28  2:59  Overlord  
  28  3:11  Overlord  
  28  3:15  Spine Crawler  
  28  3:17  Queen  
  28  3:19  Spine Crawler  
  28  3:21  Drone  
  29  3:29  Zergling x2  
  29  3:30  Zergling x4  
  31  3:47  Zergling x12  
  33  3:57  Zergling x6  
  32  4:04  Spine Crawler  
  32  4:09  Drone x2  
  33  4:22  Zergling x8  
  32  4:40  Zergling x2  
  32  4:41  Zergling x8  
  32  4:51  Zergling x2  
  32  4:52  Zergling x4  
  35  4:53  Queen  
  34  5:27  Drone x6  
  40  5:33  Lair  
  40  5:36  Extractor  
  40  5:38  Baneling Nest  
  40  5:42  Zergling x2  
  39  5:43  Zergling x2  
  40  5:51  Zergling x4  
  42  6:24  Drone x2  
  44  6:27  Overlord  
  44  6:32  Centrifical Hooks  
  44  6:34  Overlord x2  
  44  6:44  Overlord x2  
  44  6:49  Hatchery  
  33  7:05  Zergling x2  
  33  7:06  Zergling x16  
  39  7:28  Drone x4  
  43  7:31  Spire  
  42  7:38  Drone  
  42  7:39  Drone  
  42  7:41  Drone x3  
  47  7:50  Extractor x2  
  45  7:54  Zergling x10  
  50  7:59  Drone  
  50  8:00  Baneling x3  
  50  8:01  Baneling x2  
  51  8:06  Drone x2  
  51  8:07  Drone  
  51  8:10  Drone  
  51  8:12  Drone  
  56  8:15  Drone  
  53  8:28  Zergling x2  
  53  8:29  Zergling x8  
Show
View Real Time Build Order
Export as new Build Order

GENERAL Terran - Winner!

Build Orders:  

Get SALT Encoding   

  12  0:03  SCV  
  13  0:15  SCV  
  13  0:19  Supply Depot  
  14  0:27  SCV  
  15  0:41  SCV  
  16  0:43  Barracks  
  16  0:45  Refinery  
  16  0:54  SCV  
  17  1:06  SCV  
  18  1:18  SCV  
  19  1:30  SCV  
  20  1:44  Orbital Command  
  20  1:45  Reaper  
  21  1:59  Supply Depot, Command Center  
  21  2:09  SCV  
  22  2:21  Marine  
  23  2:25  SCV  
  23  2:29  Factory  
  24  2:34  Refinery  
  24  2:37  Barracks, SCV  
  24  2:39  Marine  
  26  2:46  Supply Depot  
  26  2:53  SCV  
  27  3:02  Marine  
  28  3:08  SCV  
  29  3:13  Factory Tech Lab  
  29  3:14  Starport  
  29  3:16  SCV  
  29  3:18  Supply Depot  
  30  3:22  Marine  
  30  3:24  SCV  
  30  3:25  Bunker  
  32  3:40  SCV  
  34  3:42  Orbital Command  
  34  3:45  Marine x2  
  35  3:49  Siege Tank  
  35  3:53  SCV  
  39  3:58  Medivac  
  41  4:04  Barracks Tech Lab  
  41  4:05  Marine  
  41  4:06  SCV  
  43  4:17  SCV  
  43  4:18  Supply Depot  
  43  4:21  Refinery  
  43  4:22  SCV  
  45  4:25  Marine  
  45  4:26  Stimpack  
  45  4:27  Marine  
  45  4:31  SCV  
  48  4:40  SCV  
  48  4:42  Siege Tank  
  48  4:43  Marine, SCV  
  48  4:44  Marine  
  55  4:48  Supply Depot  
  54  5:00  SCV x2  
  54  5:01  Medivac  
  58  5:08  Barracks, Marine x2, Engineering Bay  
  58  5:11  Supply Depot  
  60  5:20  Siege Tank  
  63  5:22  SCV x2  
  63  5:26  Refinery  
  65  5:31  Marine x2  
  65  5:34  Supply Depot  
  67  5:38  Medivac  
  69  5:49  Marine x2  
  71  5:55  SCV x2  
  73  5:57  Supply Depot  
  73  6:05  Barracks Reactor  
  73  6:06  Siege Tank  
  73  6:07  Marine  
  77  6:12  Marine  
  77  6:14  Medivac  
  80  6:19  Supply Depot  
  79  6:26  SCV x2  
  79  6:29  Combat Shield  
  79  6:30  Marine  
  82  6:33  Barracks Reactor  
  82  6:42  Supply Depot, Marine x2  
  84  6:48  Marine  
  84  6:50  SCV x2  
  84  6:53  Medivac, Siege Tank  
  84  7:06  Supply Depot, Marine  
  81  7:10  SCV x2  
  81  7:11  Marine x4  
  86  7:24  Marine  
  86  7:28  Supply Depot  
  86  7:29  Marine  
  86  7:31  Marine x3  
  86  7:36  SCV x2  
  90  7:42  Marine  
  90  7:43  Starport Reactor, Siege Tank  
  94  7:48  SCV x2  
  94  7:50  Supply Depot  
  96  7:53  Barracks  
  96  7:57  Command Center  
  96  7:58  Barracks  
  96  7:59  Factory  
  96  8:02  Supply Depot, Starport  
  96  8:08  Armory, Marine x4  
  96  8:09  Marine  
  101  8:15  SCV x2  
  103  8:21  Missile Turret  
  103  8:22  Missile Turret  
Show
View Real Time Build Order
Export as new Build Order

Adversity Terran - Winner!

Build Orders:  

Get SALT Encoding   

  12  0:01  SCV  
  13  0:13  SCV  
  14  0:18  Supply Depot  
  14  0:25  SCV  
  15  0:30  Refinery  
  15  0:39  SCV  
  16  0:47  Barracks  
  16  0:52  SCV  
  17  1:04  SCV  
  18  1:07  Barracks  
  18  1:16  SCV  
  19  1:27  Barracks  
  19  1:34  Reaper  
  20  1:41  Orbital Command  
  20  1:52  Supply Depot  
  20  1:54  Reaper  
  20  1:59  Refinery  
  21  2:06  Reaper  
  23  2:08  SCV  
  23  2:16  Reaper  
  23  2:19  Supply Depot  
  24  2:23  SCV  
  24  2:26  Reaper  
  26  2:36  SCV  
  27  2:40  Reaper  
  28  2:49  Reaper  
  28  2:51  SCV  
  30  3:00  Reaper  
  31  3:08  Command Center  
  31  3:10  SCV  
  32  3:13  Supply Depot  
  32  3:22  Reaper x2  
  34  3:32  SCV  
  35  3:44  SCV  
  35  3:47  Barracks  
  37  3:48  Barracks  
  37  4:02  Barracks Reactor x2  
  36  4:06  SCV  
  37  4:10  Barracks Tech Lab  
  37  4:11  Factory  
  35  4:20  SCV  
  35  4:23  Orbital Command  
  35  4:40  Marine x5  
  35  4:41  Marine  
  35  4:44  Marine  
  42  4:46  Stimpack, SCV  
  43  4:54  SCV  
  43  4:58  SCV  
  43  5:15  Factory Reactor, Starport  
  40  5:21  Marine  
  40  5:22  Marine x6  
  40  5:24  SCV x2  
  40  5:28  Engineering Bay x2  
  47  5:36  SCV x2  
  47  5:39  Marine x2  
  47  5:40  Marine x3  
  47  5:42  Marine x2  
  56  5:44  Supply Depot  
  56  5:47  Supply Depot  
  56  5:48  SCV x2  
  58  6:00  SCV x2  
  58  6:03  Terran Infantry Armor Level 1, Missile Turret, Terran Infantry Weapons Level 1  
  60  6:06  Missile Turret  
  60  6:15  Medivac x2  
  64  6:21  SCV x2  
  64  6:25  Refinery x2, Barracks Reactor x2  
  66  6:31  Marine x4  
  66  6:32  Marine  
  71  6:35  SCV x2  
  71  6:37  Supply Depot  
  71  6:38  Supply Depot x2  
  73  6:46  Combat Shield  
  73  6:51  Marine  
  64  7:04  Marine x5  
  64  7:06  Marine x2  
  59  7:08  Marine  
  59  7:09  Marine  
  61  7:21  Marine  
  61  7:22  Marine x4  
  60  7:31  Medivac x2  
  60  7:35  Marine x4  
  68  7:41  Armory, SCV x2  
  68  7:42  Supply Depot  
  70  7:47  Marine x2  
  70  7:50  Marine x3  
  75  7:52  Marine  
  75  7:53  Marine  
  75  7:56  Supply Depot  
  77  7:58  Marine x2  
  77  8:01  Medivac x2  
  77  8:04  Marine  
  84  8:08  Marine  
  85  8:13  Supply Depot, Marine  
  85  8:14  Marine x4  
  85  8:16  Marine x2  
  85  8:36  Marine x3  
Tags
 
Add a new tag
Caveats
  • Supply blocks, unpowered buildings, or Contaminate may cause inaccurate times.
  • Supply counts are checked every 10 seconds.